 Seeded DCSS version 0.30.0-17-ge0270778cf (webtiles) character file.

Game seed: 12735965570273765983 (custom seed)

423 Pimp the Skirmisher (level 6, -11/37 HPs)
             Began as a Deep Elf Hunter on May 21, 2023.
             Mangled by an ogre
             ... wielding the +6 great mace "Zabrocita" {flame, rPois rF- Str+3}
              (15 damage)
             ... on level 5 of the Dungeon.
             The game lasted 00:04:08 (2637 turns).

Pimp the Skirmisher (Deep Elf Hunter)               Turns: 2637, Time: 00:04:10

Health: -11/37     AC:  7    Str:  8    XL:     6   Next: 63%
Magic:  8/8        EV: 20    Int: 14    God:
Gold:   211        SH:  0    Dex: 25    Spells: 5/5 levels left

rFire   . . .        d - +7 arbalest of Doom {heavy, rPois}
rCold   . . .        (shield currently unavailable)
rNeg    + . .        c - +0 leather armour
rPois   +            o - +0 helmet
rElec   .            (no cloak)
rCorr   .            k - +1 pair of gloves
SInv    .            p - +0 pair of boots
Will    .....        (no amulet)
Stlth   ++           g - ring "Pifucsih" {EV+5 Dex+5}
HPRegen 0.26/turn    q - ring of positive energy
MPRegen 0.11/turn

%: no passive effects
@: no status effects
A: no striking features
a: no special abilities


You were on level 5 of the Dungeon.
You visited 1 branch of the dungeon, and saw 5 of its levels.

You collected 211 gold pieces.

Inventory:

Hand Weapons
 a - a +0 shortbow
 d - the +7 arbalest of Doom (weapon) {heavy, rPois}
   (You acquired it on level 1 of the Dungeon)

   rPois:     It protects you from poison.
Armour
 c - a +0 leather armour (worn)
 k - a +1 pair of gloves (worn)
 o - a +0 helmet (worn)
 p - a +0 pair of boots (worn)
Magical Staves
 x - a staff of conjuration
Jewellery
 g - the ring "Pifucsih" (left hand) {EV+5 Dex+5}
   (You acquired it on level 1 of the Dungeon)

   [ring of evasion]

   EV:        It affects your evasion (+5).
   Dex:       It affects your dexterity (+5).
 q - a ring of positive energy (right hand)
Wands
 w - a wand of iceblast (8)
Scrolls
 b - 2 scrolls of immolation
 f - 3 scrolls of identify {unknown}
 i - 2 scrolls of blinking {unknown}
 l - 2 scrolls of vulnerability {unknown}
 m - a scroll of noise {unknown}
 n - a scroll of teleportation {unknown}
 r - a scroll of brand weapon {unknown}
 u - a scroll of enchant armour {unknown}
 v - a scroll of enchant weapon {unknown}
 y - a scroll of silence {unknown}
 A - a scroll of fear {unknown}
Potions
 e - 2 potions of degeneration {unknown}
 h - 2 potions of haste {unknown}
 j - a potion of magic {unknown}
 s - 2 potions of curing {unknown}
 t - a potion of mutation {unknown}
 z - a potion of berserk rage {unknown}
 B - a potion of lignification {unknown}


   Skills:
 + Level 3.2 Fighting
 * Level 8.4 Ranged Weapons
 + Level 4.7 Dodging
 - Level 1.2 Stealth


You had 5 spell levels left.
You didn't know any spells.
Your spell library contained the following spells:

 Spells                   Type           Power      Damage    Failure   Level
 Summon Small Mammal      Summ           0%         N/A       38%         1
 Lesser Beckoning         Tloc           0%         N/A       54%         2
 Call Canine Familiar     Summ           0%         N/A       77%         3
 Gell's Gravitas          Tloc           0%         N/A       77%         3
 Summon Guardian Golem    Hex/Summ       0%         N/A       77%         3
 Teleport Other           Tloc           0%         N/A       77%         3


Dungeon Overview and Level Annotations

Branches:
Dungeon (5/15)
 Temple: D:4-7

Altars:
Dithmenos
Fedhas
Hepliaklqana
Qazlal
Vehumet
Yredelemnul

Annotations:
D:5 1 transporter


Message History

You see here a +0 hand axe.
There is an open door here.
You open the door.
There is an open door here.
Done exploring.
Done exploring.
Done exploring.
You open the door.
There is an open door here.
There is an open door here.
There is an open door here.
There is an open door here.
There is a stone staircase leading down here.
You climb downwards.
There is a stone staircase leading up here.
Found a transporter.
An adder comes into view.
You shoot a bolt. The bolt hits the adder!!
You kill the adder!
Your Dodging skill increases to level 4!
The ogre shouts!
Found a transporter.
There is a transporter here.
You enter the transporter and appear at another place.
Found a scroll labelled LOILICE GORIW.
You shoot a bolt. The bolt hits JanusIIV's ghost!!
JanusIIV's ghost is heavily damaged.
JanusIIV's ghost lets out a mournful wail.
You shoot a bolt. The bolt hits JanusIIV's ghost!!
You destroy JanusIIV's ghost!
Your Fighting skill increases to level 3!
Your Ranged Weapons skill increases to level 8!
You have reached level 6!
You shoot a bolt. The bolt hits the ogre!!
The ogre is almost dead.
The ogre hits you with the +6 great mace "Zabrocita" {flame, rPois rF- Str+3}!!
Ouch! That really hurt!
* * * LOW HITPOINT WARNING * * *
The ogre burns you!
You die...

.....# #.#.##.
....###.#.##.
########..##.#.##.
#......#..##.#.##.
#.. #..#..##.#.##.
#?#..#.#..........
#.#..#.#...#.#.###
#..##.$#©..#<#....
#@O...$#...#.#####
#..##..#©..#.#
#.#..#.#...#.#
#.#..#.#...#.# #..
#..#.....# #©.
...#.....#
########...#.# ..


You could see an ogre.

Vanquished Creatures
  The ghost of JanusIIV the Ruffian, an amateur TrFi (D:5)
  Jessica (D:3)
  Terence (D:2)
  4 adders
  A worm (D:2)
  A dart slug (D:3)
  10 orcs
  8 ball pythons
  2 bats
  4 endoplasms
  2 giant cockroaches
  8 goblins
  6 hobgoblins
  7 jackals
  6 quokkas
  4 frilled lizards
  6 kobolds
  5 rats
77 creatures vanquished.

Notes
Turn   | Place    | Note
-------+----------+-------------------------------------------
     0 | D:1      | Pimp the Deep Elf Hunter began the quest for the Orb.
     0 | D:1      | Reached XP level 1. HP: 12/12 MP: 3/3
    47 | D:1      | Identified 2 scrolls of acquirement
    47 | D:1      | Acquired the ring "Pifucsih" {EV+5 Dex+5}
    49 | D:1      | Acquired the +7 arbalest of Doom {heavy, rPois}
    65 | D:1      | Reached XP level 2. HP: 17/17 MP: 4/4
   320 | D:1      | Reached skill level 6 in Ranged Weapons
   385 | D:1      | Reached XP level 3. HP: 21/21 MP: 5/5
   666 | D:2      | Found a stormy altar of Qazlal.
   678 | D:2      | Noticed Terence
   679 | D:2      | Killed Terence
   823 | D:2      | Reached XP level 4. HP: 26/26 MP: 6/6
  1434 | D:3      | Noticed Jessica
  1435 | D:3      | Killed Jessica
  1578 | D:3      | Reached skill level 7 in Ranged Weapons
  1578 | D:3      | Reached XP level 5. HP: 31/31 MP: 7/7
  2070 | D:4      | Found a radiant altar of Vehumet.
  2299 | D:4      | Found a shadowy altar of Dithmenos.
  2310 | D:4      | Found a blossoming altar of Fedhas.
  2343 | D:4      | Found a hazy altar of Hepliaklqana.
  2416 | D:4      | Found a basalt altar of Yredelemnul.
  2557 | D:5      | Entered Level 5 of the Dungeon
  2559 | D:5      | Found a transporter.
  2559 | D:5      | Noticed JanusIIV's ghost (amateur TrFi)
  2630 | D:5      | Identified the +6 great mace "Zabrocita" {flame, rPois rF-
                  | Str+3}
  2630 | D:5      | Noticed an ogre
  2633 | D:5      | Found a transporter.
  2636 | D:5      | Killed JanusIIV's ghost
  2637 | D:5      | Reached skill level 8 in Ranged Weapons
  2637 | D:5      | Reached XP level 6. HP: 37/37 MP: 8/8
  2637 | D:5      | Mangled by an ogre

Illustrated notes

Levels and vault maps discovered:
D:1:      dpeg_arrival_long_road, layout_loops_cross, hex_tiny
D:2:      minmay_evil_eye, layout_basic, basic_altar, minmay_ruptured,
          uniq_terence
D:3:      layout_loops_ring, minmay_surrounded, uniq_jessica
D:4:      layout_cave_pools, mainiacjoe_overflow_brackets,
          mainiacjoe_overflow_24_doors, mainiacjoe_overflow_catwalk, minitemple
D:5:      layout_basic, eat_drink_and_be_merry_uskayaw, kennysheep_little_box,
          minmay_temple_entry_glassed_door, gammafunk_ghost_smash, minivault_25

Skill      XL: |  1  2  3  4  5 |
---------------+----------------+-----
Ranged Weapons | 6 7 8 |  8.4
Dodging        | 3 4 |  4.7
Fighting       | 2 3 |  3.2
Stealth        | |  1.2

Action                     |  1- 3 |  4- 6 || total
---------------------------+-------+-------++-------
   Fire: Arbalest          |    32 |    55 ||    87
    Use: Scroll            |     2 |       ||     2
 Armour: Leather armour    |       |     1 ||     1
  Dodge: Dodged            |       |     3 ||     3
